Map: Oceanborn LE

Players

asbachcola - Winner!

  • Race: Zerg Zerg
  • League: Diamond
  • Spawn Location: 5:00

Pinocchio

  • Race: Protoss Protoss
  • League: Diamond
  • Spawn Location: 11:00

VOD

Have the link to the VOD?

Description

Time

  • Played on: Feb. 27, 2024, 6:48 a.m.
  • Length: 7:34
Show
View Real Time Build Order
Export as new Build Order

asbachcola Zerg - Winner!

Build Orders: Hatch First 

Get SALT Encoding   

  12  0:01  Drone  
  13  0:13  Overlord  
  13  0:18  Drone  
  14  0:31  Drone x2  
  16  0:50  Hatchery  
  16  0:57  Drone  
  16  0:58  Drone  
  17  1:10  Extractor  
  16  1:14  Spawning Pool  
  16  1:18  Drone  
  16  1:20  Drone  
  17  1:27  Drone  
  18  1:34  Drone  
  19  1:48  Overlord  
  19  2:00  Zergling x2, Queen  
  22  2:03  Zergling x4  
  22  2:04  Queen  
  26  2:16  Drone x2  
  28  2:26  Drone  
  28  2:27  Drone, Metabolic Boost  
  30  2:44  Hatchery  
  30  2:47  Drone  
  30  2:48  Drone  
  31  2:55  Drone x2  
  32  3:02  Drone, Overlord  
  32  3:12  Drone x2, Overlord  
  33  3:13  Drone  
  33  3:17  Zergling x2  
  35  3:23  Queen  
  37  3:29  Overlord  
  37  3:30  Zergling x4  
  39  3:44  Overlord  
  39  3:45  Drone x2  
  41  3:50  Extractor  
  41  3:52  Drone x3  
  43  3:56  Lair  
  43  4:02  Drone, Roach Warren  
  43  4:03  Drone x2  
  45  4:11  Overlord  
  45  4:12  Drone x2  
  45  4:14  Drone x2  
  49  4:21  Drone  
  49  4:22  Drone x4  
  49  4:24  Drone  
  54  4:40  Extractor, Drone x2  
  54  4:41  Drone x2, Extractor  
  54  4:42  Drone x2  
  58  4:51  Queen  
  60  4:57  Overlord x2  
  60  5:00  Drone x3  
  63  5:07  Glial Reconstitution  
  63  5:08  Roach  
  63  5:10  Overlord x2  
  63  5:13  Overlord x3  
  65  5:18  Roach x3  
  71  5:23  Roach x2  
  71  5:24  Roach x2  
  79  5:37  Roach x2  
  79  5:38  Roach  
  85  5:48  Roach x5  
  85  5:49  Overseer x2  
  95  5:54  Overseer  
  95  5:56  Overlord  
  95  5:57  Roach, Overlord  
  95  5:58  Roach  
  95  6:02  Roach x2  
  101  6:06  Roach x2  
  101  6:07  Queen  
  101  6:10  Roach  
  109  6:13  Roach  
  109  6:14  Roach  
  109  6:16  Zergling x4  
  109  6:17  Roach  
  112  6:19  Zergling x8  
  112  6:23  Roach x2  
  113  6:33  Roach x3  
  113  6:38  Roach x2  
  113  6:42  Roach x3  
  113  6:43  Roach  
  113  6:46  Zergling x2  
  113  6:47  Zergling x4  
  123  6:50  Zergling x2  
  123  6:51  Zergling x2  
  124  6:55  Roach  
  125  7:04  Roach x3  
  125  7:08  Overlord x2  
Show
View Real Time Build Order
Export as new Build Order

Pinocchio Protoss 

Build Orders: 1 Gate Expand, Blink Stalkers 

Get SALT Encoding   

  12  0:00  Probe  
  13  0:12  Probe  
  14  0:18  Pylon  
  14  0:24  Probe  
  15  0:33  Assimilator  
  15  0:36  Probe  
  16  0:47  Gateway  
  16  0:50  Probe  
  17  1:02  Probe  
  18  1:14  Probe  
  19  1:26  Probe  
  19  1:30  Nexus  
  20  1:38  Probe  
  21  1:43  Cybernetics Core  
  21  1:50  Pylon  
  21  1:52  Probe  
  22  1:58  Assimilator  
  22  2:04  Probe  
  23  2:16  Probe  
  23  2:19  Adept (Chrono Boost)  
  26  2:28  Shield Battery, Probe  
  26  2:31  Gateway  
  26  2:33  Warp Gate  
  26  2:40  Probe  
  27  2:45  Adept (Chrono Boost)  
  29  3:05  Probe x2  
  31  3:17  Probe (Chrono Boost)  
  31  3:18  Probe (Chrono Boost), Stalker  
  35  3:21  Robotics Facility  
  35  3:24  Twilight Council  
  35  3:29  Probe (Chrono Boost)  
  35  3:30  Probe (Chrono Boost)  
  37  3:34  Pylon  
  37  3:37  Probe x2 (Chrono Boost)  
  37  3:40  Stalker  
  41  3:44  Probe  
  41  3:45  Probe  
  43  3:55  Blink (Chrono Boost)  
  43  3:56  Probe, Adept  
  43  3:58  Probe  
  47  4:09  Warp Prism  
  49  4:17  Probe x2  
  49  4:18  Assimilator  
  49  4:21  Gateway  
  51  4:26  Gateway  
  51  4:29  Probe  
  52  4:37  Gateway  
  52  4:40  Gateway  
  52  4:43  Probe  
  53  4:47  Pylon  
  53  4:49  Pylon  
  53  5:06  Pylon  
  53  5:07  Stalker x2  
  53  5:11  Pylon  
  53  5:14  Pylon  
  57  5:19  Stalker  
  59  5:26  Gateway  
  59  5:31  Stalker x2  
  59  5:32  Stalker x2  
  59  5:34  Stalker  
  69  5:47  Stalker  
  71  6:03  Stalker x2  
  75  6:04  Stalker x3  
  77  6:22  Stalker  
  77  6:23  Stalker  
  73  6:30  Stalker x5  
  63  7:01  Stalker x2, Adept x3  
  67  7:02  Stalker x2  
  59  7:22  Stalker x3  
  59  7:25  Stalker x2  
Tags
 
Add a new tag
Caveats
  • Supply blocks, unpowered buildings, or Contaminate may cause inaccurate times.
  • Supply counts are checked every 10 seconds.